 Dungeon Crawl Stone Soup version 0.26-a0-612-gd4d190f45e (webtiles) character file.

Game seed: 13812569310958920406

127 DogServant the Skirmisher (level 5, 10/43 HPs)
             Began as a Formicid Fighter on Sept 10, 2020.
             Quit the game on level 4 of the Dungeon.
             The game lasted 00:05:09 (2588 turns).

DogServant the Skirmisher (Formicid Fighter)        Turns: 2588, Time: 00:05:09

Health: 10/43      AC:  7    Str: 22    XL:     5   Next: 33%
Magic:  5/5        EV:  8    Int:  7    God:
Gold:   113        SH:  9    Dex: 10    Spells: 4/4 levels left

rFire    . . .     SeeInvis +   a - +0 long sword
rCold    . . .     Faith    .   c - +0 kite shield
rNeg     . . .     Spirit   .   b - +0 scale mail
rPois    .         Reflect  .   (helmet unavailable)
rElec    .         Harm     .   (no cloak)
rCorr    .                      (no gloves)
MR       .....                  (no boots)
Stlth    ..........             (no amulet)
HPRegen  0.14/turn              (no ring)
MPRegen  0.09/turn              (no ring)

@: mighty, seriously poisoned (10 -> 1)
A: permanent stasis, dig shafts and tunnels, four strong arms, antennae 3
a: Dig, Shaft Self


You were on level 4 of the Dungeon.
You visited 1 branch of the dungeon, and saw 4 of its levels.

You collected 113 gold pieces.

Inventory:

Hand Weapons
 a - a +0 long sword (weapon)
Armour
 b - a +0 scale mail (worn)
 c - a +0 kite shield (worn)
Wands
 k - a wand of enslavement (12)
Scrolls
 f - 3 scrolls of identify
 g - 2 scrolls of fear {unknown}
 h - 2 scrolls of enchant armour {unknown}
 i - 4 scrolls of remove curse {unknown}
 j - 3 scrolls of random uselessness {unknown}
 l - a scroll of magic mapping {unknown}
Potions
 d - a potion of might
 e - a potion of cancellation
 m - a potion of mutation {unknown}
 n - a potion of curing {unknown}


   Skills:
 * Level 4.5 Fighting
 + Level 2.7 Long Blades
 + Level 4.1 Armour
 + Level 4.4 Shields


You had 4 spell levels left.
You didn't know any spells.
Your spell library was empty.

Dungeon Overview and Level Annotations

Branches:
Dungeon (4/15)
 Temple: D:4-7

Altars:
Cheibriados
Makhleb
Ru
Trog

Annotations:
D:4 Dowan, Duvessa, Ijyb


Innate Abilities, Weirdness & Mutations

You cannot be hasted, slowed, berserked, paralysed or teleported.
You can dig through walls and to a lower floor.
Your four strong arms can wield two-handed weapons with a shield.
You have a pair of large antennae on your head. (SInv)


Message History

The adder bites you but does no damage.
Ijyb zaps a wand.
You struggle to resist.
The adder bites you.
You are poisoned.
The adder poisons you!
Dowan casts a spell.
Dowan blinks!
Duvessa says, "Where magic fails, the sword succeeds!"
You feel sick.
You feel sick. The phantom hits you.
Found an escape hatch in the ceiling.
You see here 17 poisoned darts.
Ijyb screams, "No!
No, no, no, no!"
You block the adder's attack.
Found 12 stones.
You barely miss the adder.
You feel sick. The adder bites you.
* * * LOW HITPOINT WARNING * * *
You are more poisoned.
The adder poisons you!
Ijyb zaps a wand.
You struggle to resist.
The adder bites you but does no damage.
Are you sure you want to abandon this character and quit the game? (Confirm with "yes".)

.#............
...(............
................
.................
.......#..........
.......#.#........
...............<..
.......g..@...#
.......#WS######
...........o{....#
.....##.....{....#
#..{$##.e........#
#................#
#.....#.#........#
####..#.............#
....................#


You could see a phantom, Ijyb, Dowan, an adder and an orc.

Vanquished Creatures
  A worker ant (D:4)
  4 adders
  An ooze (D:2)
  A worm (D:2)
  A dart slug (D:2)
  A leopard gecko (D:1)
  2 orcs (D:3)
  4 bats
  4 giant cockroaches
  6 hobgoblins
  5 jackals
  2 quokkas (D:3)
  A ball python (D:3)
  2 frilled lizards
  8 goblins
  4 kobolds
  A leopard gecko skeleton (D:3)
  7 rats
55 creatures vanquished.

Vanquished Creatures (others)
  A bat (D:2)
1 creature vanquished.

Grand Total: 56 creatures vanquished

Notes
Turn   | Place    | Note
-------+----------+-------------------------------------------
     0 | D:1      | DogServant the Formicid Fighter began the quest for the
                  | Orb.
     0 | D:1      | Reached XP level 1. HP: 18/18 MP: 1/1
   186 | D:1      | Reached XP level 2. HP: 23/24 MP: 2/2
   576 | D:1      | Reached XP level 3. HP: 29/29 MP: 3/3
  1095 | D:2      | Reached XP level 4. HP: 30/37 MP: 4/4
  1645 | D:2      | Found a bloodstained altar of Trog.
  2262 | D:3      | Reached XP level 5. HP: 43/43 MP: 5/5
  2315 | D:3      | Found a burning altar of Makhleb.
  2355 | D:4      | Found a snail-covered altar of Cheibriados.
  2355 | D:4      | Noticed Duvessa
  2355 | D:4      | Noticed Dowan
  2397 | D:3      | Found a sacrificial altar of Ru.
  2571 | D:4      | Noticed a phantom
  2579 | D:4      | Noticed Ijyb
  2588 | D:4      | Quit the game

Illustrated notes

Levels and vault maps discovered:
D:1:      eino_arrival_druids_welcome, layout_basic
D:2:      layout_loops_ring, trog_book
D:3:      layout_loops_ring, minitemple
D:4:      layout_rooms, overflow_temple_1_default, kennysheep_mini_moat,
          lemuel_crystal_altar, uniq_robin, uniq_blork_the_orc, uniq_duvessa,
          uniq_ijyb, uniq_edmund

Skill      XL: |  1  2  3  4 |
---------------+-------------+-----
Shields        | 4 |  4.4
Fighting       | 4 |  4.5
Armour         | 4 |  4.1
Long Blades    | |  2.7

Action                   |  1- 3 |  4- 6 || total
-------------------------+-------+-------++-------
Melee: Long sword        |    98 |    75 ||   173
  Use: Scroll            |       |     1 ||     1
       Potion            |       |     1 ||     1
Armor: Scale mail        |    49 |    29 ||    78
Dodge: Dodged            |    40 |    25 ||    65
Block: Kite shield       |    59 |    43 ||   102
       Rpst.: Long sword |    11 |    10 ||    21

Table legend: (Time is in decaauts)
 A = Elapsed time spent in this place.
 B = Non-inter-level travel time spent in this place.
 C = Inter-level travel time spent in this place.
 D = Time resting spent in this place.
 E = Time spent auto-exploring this place.
 F = Levels seen in this place.
 G = Mean time per level.
                   A        B        C        D        E       F      G
               +--------+--------+--------+--------+--------+-----+--------+
         Total |   2647 |   2527 |    120 |      0 |   2003 |   4 |  661.8 |
       Dungeon |   2647 |   2527 |    120 |      0 |   2003 |   4 |  661.8 |
               +--------+--------+--------+--------+--------+-----+--------+

Top non-repeatable levels by time:
     D:1: 968 daAuts
     D:3: 874 daAuts
     D:2: 760 daAuts
     D:4: 44 daAuts
